 Dungeon Sprint DCSS version 0.17-a0-1450-g7e755d1 (webtiles) character file.

5994 pulse the Severer (level 11, -9/84 HPs)
             Began as a Formicid Gladiator on June 30, 2015.
             Was the Champion of Trog.
             Mangled by a sun demon (18 damage)
             ... summoned by an orc high priest
             ... in the Dungeon (Sprint IX: "|||||||||||||||||||||||||||||").
             The game lasted 00:07:37 (2378 turns).

pulse the Severer (Formicid Gladiator)              Turns: 2378, Time: 00:07:40

Health: -9/84      AC: 20    Str: 23    XL:     11   Next: 10%
Magic:  4/4        EV: 17    Int:  8    God:    Trog [******]
Gold:   615        SH:  0    Dex: 16    Spells: 0 memorised, 10 levels left

rFire  . . .     SeeInvis +     x - +1 executioner's axe (antimagic)
rCold  . . .     Clarity  .     p - +1 chain mail
rNeg   . . .     SustAt   .     (no shield)
rPois  .         Gourm    .     (helmet unavailable)
rElec  .         Spirit   .     y - +0 cloak
rCorr  .         Warding  .     o - +1 pair of gloves
rMut   .         Stasis   +     B - +0 pair of boots
MR     +....                    (no amulet)
Stlth  ..........               (no ring)
                                (no ring)

@: agile, lethally poisoned (-9 -> -41), somewhat resistant to hostile
enchantments, extremely unstealthy
A: permanent stasis, dig shafts and tunnels, four strong arms, antennae 3
a: Dig, Burn Spellbooks, Trog's Hand, Brothers in Arms, Renounce Religion


You were in the Dungeon.
You worshipped Trog.
Trog was exalted by your worship.
You were very full.

You visited 1 branch You collected 615 gold pieces.

Inventory:

Hand weapons
 n - a +3 war axe of venom
 x - a +1 antimagic executioner's axe (weapon)
Missiles
 c - 3 throwing nets (quivered)
Armour
 o - a +1 pair of gloves (worn)
 p - a +1 chain mail (worn)
 y - a +0 cloak (worn)
 B - a +0 pair of boots (worn)
Magical staves
 s - an uncursed staff of energy
Jewellery
 q - a +2 ring of evasion
 r - a +3 ring of strength
Magical devices
 m - a wand of fire (2)
 C - a wand of slowing (30)
Scrolls
 a - a scroll of identify
 j - 2 scrolls of blinking
 l - 4 scrolls of remove curse
 t - 2 scrolls of enchant armour
 v - a scroll of fear
 w - 2 scrolls of fog
Potions
 d - a potion of cure mutation
 e - 5 potions of curing
 g - a potion of haste
 h - 4 potions of magic
 i - a potion of berserk rage
 k - a potion of might
Comestibles
 u - 40 fruits
 z - 11 bread rations
 A - 11 meat rations


   Skills:
 + Level 7.1 Fighting
 * Level 17.8 Axes
 - Level 2.1 Throwing
 + Level 15.0 Armour
 + Level 6.4 Dodging
 + Level 3.1 Evocations


You had 10 spell levels left.
You didn't know any spells.

Dungeon Overview and Level Annotations

Branches:
Dungeon (1/1)

Altars:
Cheibriados
Dithmenos
Elyvilon
Fedhas
Gozag
Kikubaaqudgha
Makhleb
Nemelex Xobeh
Okawaru
Qazlal
Ru
Sif Muna
Trog
Vehumet
Xom
Yredelemnul
Zin
The Shining One
Beogh
Jiyva
Lugonu


Innate Abilities, Weirdness & Mutations

You are under a permanent stasis effect.
You can dig through walls and to a lower floor.
Your four strong arms can wield two-handed weapons with a shield.
You have a pair of large antennae on your head (SInv).


Message History

You feel much better.
You feel sick. The sun demon hits you.
You are engulfed in flames!
The orc knight closely misses you.
Unknown command.
You slash the orc high priest!
The orc high priest is moderately wounded.
You slice the sun demon!!
The sun demon is heavily wounded.
The sun demon closely misses you.
The orc high priest calls down the wrath of Beogh upon you.
Pain shoots through your body!
The orc high priest calls upon Beogh to heal the orc warrior.
The orc warrior is healed somewhat.
The sun demon completely misses you.
Drink which item? (? for menu, Esc to quit)
You feel better.
The orc high priest hits you with a glaive.
The orc knight hits you from afar with a bardiche of venom!!
* * * LOW HITPOINT WARNING * * *
You are lethally poisoned!
The sun demon hits you!!
You die...

).?.'_____________________'.....'
▓▓▓▓▓▓▓▓▓▓▓▓▓▓▓▓▓▓▓▓▓▓▓▓▓▓▓▓▓▓▓▓▓
.................................
▓▓▓▓▓▓▓▓▓▓▓▓▓▓▓▓▓▓▓▓▓▓▓▓▓▓▓▓▓▓▓▓▓
..†).......†).......)†'††††......
▓▓▓▓▓▓▓▓▓▓▓▓▓▓▓▓▓▓▓▓▓▓▓▓▓▓▓▓▓▓▓▓▓
.))..............................
▓▓▓▓▓▓▓▓▓▓▓▓▓▓▓▓▓▓▓▓▓▓▓▓▓▓▓▓▓▓▓▓▓
{{{ {{{{{ooooooo@3.)....$.)))))..
▓▓▓▓▓▓▓▓▓▓▓▓▓▓▓▓▓▓▓▓▓▓▓▓ { {


You could see an orc knight, 3 orc high priests, a sun demon and 3 orc warriors.

Vanquished Creatures
  A centaur warrior (D)
  An unseen horror (D)
  Joseph (D)
  2 slime creatures (D)
  A yak (D)
  A basilisk (D)
  Grum (D)
  A hungry ghost (D)
  3 hippogriffs (D)
  3 wargs (D)
  8 wolves (D)
  5 orc warriors (D)
  A porcupine (D)
  5 water moccasins (D)
  5 crocodiles (D)
  A centaur (D)
  2 giant frogs (D)
  A killer bee (D)
  5 orc wizards (D)
  A worker ant (D)
  A gnoll (D)
  3 river rats (D)
  4 orcs (D)
  2 bats (D)
  A bat skeleton (D)
  A hobgoblin (D)
  A quokka (D)
  A giant gecko (D)
  2 kobolds (D)
  A rat (D)
66 creatures vanquished.

Vanquished Creatures (others)
  A spatial maelstrom (D)
1 creature vanquished.

Grand Total: 67 creatures vanquished

Notes
Turn   | Place    | Note
--------------------------------------------------------------
     0 | D        | pulse the Formicid Gladiator began the quest for the Orb.
     0 | D        | Reached XP level 1. HP: 16/16 MP: 1/1
     4 | D        | Banished a spatial maelstrom
   127 | D        | Noticed a centaur
   127 | D        | Noticed a worker ant
   130 | D        | Reached XP level 2. HP: 21/23 MP: 2/2
   137 | D        | Reached skill level 4 in Axes
   146 | D        | Killed a worker ant
   146 | D        | Reached skill level 5 in Axes
   146 | D        | Reached XP level 3. HP: 28/30 MP: 3/3
   150 | D        | Killed a centaur
   150 | D        | Reached skill level 6 in Axes
   150 | D        | Reached skill level 5 in Dodging
   150 | D        | Reached XP level 4. HP: 19/38 MP: 4/4
   150 | D        | Reached XP level 5. HP: 21/43 MP: 5/5
   342 | D        | Found a glowing silver altar of Zin.
   342 | D        | Found a glowing golden altar of the Shining One.
   342 | D        | Found an ancient bone altar of Kikubaaqudgha.
   342 | D        | Found a basalt altar of Yredelemnul.
   342 | D        | Found a shimmering altar of Xom.
   342 | D        | Found a radiant altar of Vehumet.
   343 | D        | Found an iron altar of Okawaru.
   344 | D        | Found a burning altar of Makhleb.
   345 | D        | Found a deep blue altar of Sif Muna.
   346 | D        | Found a bloodstained altar of Trog.
   347 | D        | Found a sparkling altar of Nemelex Xobeh.
   348 | D        | Found a white marble altar of Elyvilon.
   349 | D        | Found a roughly hewn altar of Beogh.
   350 | D        | Found a viscous altar of Jiyva.
   351 | D        | Found a corrupted altar of Lugonu.
   352 | D        | Found a blossoming altar of Fedhas.
   353 | D        | Found a snail-covered altar of Cheibriados.
   354 | D        | Became a worshipper of Trog the Wrathful
   355 | D        | Found a shadowy altar of Dithmenos.
   356 | D        | Found a stormy altar of Qazlal.
   357 | D        | Found an opulent altar of Gozag.
   358 | D        | Found a sacrificial altar of Ru.
   415 | D        | Noticed an orc warrior
   415 | D        | Noticed a killer bee
   415 | D        | Noticed a water moccasin
   415 | D        | Noticed an unseen horror
   415 | D        | Noticed a giant frog
   419 | D        | Killed a giant frog
   419 | D        | Reached skill level 7 in Axes
   420 | D        | Killed a water moccasin
   420 | D        | Acquired Trog's first power
   420 | D        | Reached skill level 9 in Axes
   420 | D        | Reached skill level 5 in Armour
   420 | D        | Reached XP level 6. HP: 46/49 MP: 6/6
   432 | D        | Killed an unseen horror
   432 | D        | Reached skill level 12 in Axes
   432 | D        | Reached XP level 7. HP: 46/55 MP: 7/7
   432 | D        | Reached XP level 8. HP: 51/61 MP: 8/8
   441 | D        | Killed a killer bee
   441 | D        | Acquired Trog's second power
   444 | D        | Killed an orc warrior
   560 | D        | Noticed a giant frog
   560 | D        | Noticed a slime creature
   560 | D        | Noticed a centaur warrior
   560 | D        | Noticed a slime creature
   560 | D        | Noticed a hungry ghost
   567 | D        | Killed a hungry ghost
   567 | D        | Reached skill level 13 in Axes
   567 | D        | Reached skill level 10 in Armour
   567 | D        | Reached skill level 1 in Evocations
   579 | D        | Killed a slime creature
   591 | D        | Killed a centaur warrior
   591 | D        | Reached skill level 14 in Axes
   591 | D        | Reached XP level 9. HP: 17/66 MP: 10/10
   592 | D        | HP: 3/66 [slime creature (14)]
   604 | D        | Killed a slime creature
   611 | D        | Killed a giant frog
  1025 | D        | Noticed a porcupine
  1025 | D        | Noticed a hippogriff
  1025 | D        | Noticed a crocodile
  1025 | D        | Noticed a basilisk
  1025 | D        | Noticed a crocodile
  1027 | D        | Noticed a hippogriff
  1031 | D        | Killed a crocodile
  1043 | D        | Noticed a water moccasin
  1047 | D        | Killed a basilisk
  1047 | D        | Reached skill level 15 in Axes
  1052 | D        | Acquired Trog's third power
  1055 | D        | Killed a crocodile
  1057 | D        | Noticed a yak
  1062 | D        | Killed a hippogriff
  1067 | D        | Killed a porcupine
  1074 | D        | Killed a hippogriff
  1074 | D        | Reached XP level 10. HP: 56/73 MP: 11/11
  1082 | D        | Killed a water moccasin
  1092 | D        | Killed a yak
  1197 | D        | Noticed a water moccasin
  1197 | D        | Noticed a crocodile
  1197 | D        | Noticed a hippogriff
  1197 | D        | Noticed a crocodile
  1199 | D        | Noticed a water moccasin
  1200 | D        | Noticed a crocodile
  1204 | D        | Killed a crocodile
  1204 | D        | Received a gift from Trog
  1226 | D        | Killed a hippogriff
  1236 | D        | Killed a crocodile
  1241 | D        | Killed a water moccasin
  1241 | D        | Reached skill level 5 in Fighting
  1241 | D        | Reached skill level 16 in Axes
  1245 | D        | Killed a water moccasin
  1245 | D        | Received a gift from Trog
  1248 | D        | Killed a crocodile
  1257 | D        | Noticed a water moccasin
  1268 | D        | Killed a water moccasin
  1282 | D        | Got a dazzling war axe {god gift}
  1283 | D        | Identified the +1 war axe "Jicsakhlo" {holy, +Fly} (Trog gifted it to you in the Dungeon)
  1340 | D        | Noticed a warg
  1340 | D        | Noticed a warg
  1340 | D        | Noticed a wolf
  1340 | D        | Noticed a warg
  1340 | D        | Noticed a wolf
  1340 | D        | Noticed a wolf
  1341 | D        | Killed a wolf
  1342 | D        | Killed a warg
  1343 | D        | Noticed a wolf
  1345 | D        | Killed a warg
  1349 | D        | Noticed a wolf
  1351 | D        | Killed a warg
  1351 | D        | Received a gift from Trog
  1363 | D        | Killed a wolf
  1364 | D        | Killed a wolf
  1374 | D        | Killed a wolf
  1376 | D        | Killed a wolf
  1587 | D        | Noticed Joseph
  1599 | D        | Killed Joseph
  1599 | D        | Reached skill level 17 in Axes
  1939 | D        | Noticed a wolf
  1941 | D        | Killed a wolf
  1944 | D        | Noticed Grum
  1945 | D        | Noticed a wolf
  1946 | D        | Noticed a wolf
  1959 | D        | Killed Grum
  1965 | D        | Killed a wolf
  1965 | D        | Received a gift from Trog
  1970 | D        | Killed a wolf
  1970 | D        | Reached XP level 11. HP: 77/83 MP: 4/13
  2028 | D        | Noticed an orc wizard
  2028 | D        | Noticed an orc warrior
  2028 | D        | Noticed an orc warrior
  2028 | D        | Noticed an orc wizard
  2029 | D        | Killed an orc wizard
  2037 | D        | Killed an orc warrior
  2039 | D        | Killed an orc warrior
  2040 | D        | Noticed an orc wizard
  2041 | D        | Noticed an orc warrior
  2043 | D        | Noticed an orc wizard
  2045 | D        | Killed an orc wizard
  2047 | D        | Killed an orc wizard
  2052 | D        | Noticed an orc warrior
  2055 | D        | Killed an orc warrior
  2055 | D        | Received a gift from Trog
  2055 | D        | Reached skill level 15 in Armour
  2061 | D        | Killed an orc wizard
  2067 | D        | Killed an orc warrior
  2101 | D        | Noticed an orc wizard
  2110 | D        | Killed an orc wizard
  2371 | D        | Noticed an orc warrior
  2371 | D        | Noticed an orc high priest
  2371 | D        | Noticed an orc warrior
  2371 | D        | Noticed an orc warrior
  2371 | D        | Noticed an orc knight
  2371 | D        | Noticed an orc high priest
  2372 | D        | Noticed an orc high priest
  2373 | D        | Noticed a sun demon
  2378 | D        | Mangled by a sun demon

Vault maps used:
D:        linesprint

Action                   |  1- 3 |  4- 6 |  7- 9 | 10-12 || total
-------------------------+-------+-------+-------+-------++-------
Melee: War axe           |    33 |     9 |    87 |    57 ||   186
       Executioner's axe |       |       |       |   112 ||   112
Evoke: Wand              |       |     1 |     2 |     2 ||     5
  Use: Potion            |     1 |     1 |     4 |     4 ||    10
       Scroll            |       |       |     1 |       ||     1
 Stab: Invisible         |       |     1 |     1 |       ||     2
  Eat: Bread ration      |       |       |     1 |     1 ||     2
       Meat ration       |       |       |       |     1 ||     1
